 Dungeon Crawl Stone Soup version 0.22-a0-460-g49b1da7 (webtiles) character file.

38 4thArraOfDagon the Skirmisher (level 3, 0/33 HPs)
             Began as a Hill Orc Fighter on June 9, 2018.
             Slain by an iguana (2 damage)
             ... on level 5 of the Dungeon.
             The game lasted 00:00:58 (175 turns).

4thArraOfDagon the Skirmisher (Hill Orc Fighter)     Turns: 175, Time: 00:00:59

Health: 0/33       AC:  7    Str: 18      XL:     3   Next: 43%
Magic:  3/3        EV:  9    Int:  9      God:
Gold:   21         SH:  0    Dex:  9 (10) Spells: 2/2 levels left

rFire    . . .     SeeInvis .   c - +2 hand axe (chop)
rCold    . . .     Gourm    .   (no shield)
rNeg     . . .     Faith    .   b - +0 scale mail
rPois    .         Spirit   .   (no helmet)
rElec    .         Reflect  .   (no cloak)
rCorr    .         Harm     .   (no gloves)
MR       .....                  (no boots)
Stlth    ..........             (no amulet)
HPRegen  0.11/turn              (no ring)
MPRegen  0.08/turn              (no ring)

@: no status effects
A: no striking features
a: no special abilities


You were on level 5 of the Dungeon.
You were not hungry.

You visited 1 branch of the dungeon, and saw 5 of its levels.

You collected 21 gold pieces.

Inventory:

Hand Weapons
 a - a +0 war axe
 c - a +2 hand axe of chopping (weapon)
Armour
 b - a +0 scale mail (worn)
Comestibles
 f - a ration


   Skills:
 + Level 4.1 Fighting
 * Level 4.0 Axes
 + Level 3.7 Armour
   Level 3.2 Shields


You had 2 spell levels left.
You didn't know any spells.
Your spell library was empty.

Dungeon Overview and Level Annotations

Branches:
Dungeon (5/15)
 Temple: D:4-7

Altars:

Annotations:
D:1 1 runed door


Message History

Unknown command.
You miss the quasit.
The quasit is almost dead.
The quasit bites you but does no damage.
The quasit claws you but does no damage. x2
The quasit bites you but does no damage.
The quasit claws you but does no damage.
The quasit barely misses you.
You miss the quasit.
The quasit is almost dead.
The quasit closely misses you. The quasit barely misses you.
The quasit claws you.
* * * LOW HITPOINT WARNING * * *
A scorpion comes into view.
Unknown command.
You closely miss the quasit.
The quasit is almost dead.
You hit the iguana. The quasit misses you. The quasit completely misses you.
The quasit closely misses you. The iguana bites you.
You die...

## s. # #. #
.#.##.#######.#####
......5....<.......
......l@......#....
........#####.# #
............#.#
....#.......... ...
#.#.#######. ##
#.#.# .# #.... #
###.# #.#


You could see a scorpion, an iguana and a quasit.

Vanquished Creatures
  A howler monkey skeleton (D:5)
  An adder (D:3)
  5 orcs (D:3)
  A goblin (D:3)
  A hobgoblin (D:3)
  2 jackals (D:3)
  A kobold (D:3)
  A bat (D:3)
  A quokka zombie (D:3)
  A rat (D:3)
15 creatures vanquished.

Notes
Turn   | Place    | Note
-------+----------+-------------------------------------------
     0 | D:1      | 4thArraOfDagon the Hill Orc Fighter began the quest for the Orb.
     0 | D:1      | Reached XP level 1. HP: 19/19 MP: 1/1
     7 | D:1      | Found a runed door.
    49 | D:3      | Reached XP level 2. HP: 18/27 MP: 2/2
   101 | D:3      | Reached XP level 3. HP: 4/33 MP: 3/3
   159 | D:5      | Entered Level 5 of the Dungeon
   174 | D:5      | Noticed a scorpion
   175 | D:5      | Slain by an iguana

Vault maps used:
D:1:      dpeg_arrival_caged_fury, minmay_door_square
D:2:      nicolae_overflow_hidden_temple, uniq_sigmund
D:3:      serial_undead, serial_undead_e, serial_undead_c, serial_undead_c,
          serial_undead_d, solitary_fountain, minivault_24
D:4:      palyth_stone_intersect
D:5:      first_ration

Skill      XL: |  1  2  3 |
---------------+----------+-----
Axes           | 3 4 |  4.0
Fighting       | 4 |  4.1
Armour         | |  3.7
Shields        | |  3.2

Action                   || total
-------------------------++-------
Melee: War axe           ||    39
       Hand axe          ||    18
  Use: Potion            ||     1
Armor: Scale mail        ||    36
Dodge: Dodged            ||    45

Table legend:
 A = Spawn XP
 B = Non-spawn XP
 C = Spawn XP percentage of total XP
 D = Spawn monster count
 E = Non-spawn monster count
 F = Spawn count percentage of total count
 G = Total turns spent on level
                    A         B        C        D         E        F      G
               +---------+---------+-------+---------+---------+-------+---------
         Total |       0 |      55 |   0.0 |       0 |      15 |   0.0 |   175
               +---------+---------+-------+---------+---------+-------+---------
           D:3 |       0 |      41 |   0.0 |       0 |      14 |   0.0 |   121
           D:5 |       0 |      14 |   0.0 |       0 |       1 |   0.0 |    16
               +---------+---------+-------+---------+---------+-------+---------
